 Dungeon Sprint DCSS version 0.18-a0-1788-g92de1ac (webtiles) character file.

15600000 wvc the Intangible (level 27, -6989/249 HPs)
             Began as a Demonspawn Gladiator on Apr 19, 2016.
             Was the Champion of Makhleb.
             Annihilated by The Meatlord
             ... wielding the +7 Sceptre of Torment
              (7184 damage)
             ... in the Dungeon (Sprint VIII: "Arena of Blood").
             The game lasted 00:08:24 (156 turns).

wvc the Intangible (Demonspawn Gladiator)            Turns: 156, Time: 00:08:25

Health: -6989/249  AC: 16    Str: 18    XL:     27
Magic:  54/54      EV: 35    Int: 11    God:    Makhleb [******]
Gold:   0          SH:  0    Dex: 20    Spells: 0 memorised, 80 levels left

rFire  . . .     SeeInvis +     l - +∞ Axe of Woe
rCold  . . .     Gourm    .     b - +0 leather armour
rNeg   . . .     Faith    .     (shield currently unavailable)
rPois  .         Spirit   .     (helmet unavailable)
rElec  .         Dismiss  .     (no cloak)
rCorr  .         Reflect  .     (no gloves)
SustAt .         Harm     .     (no boots)
MR     ++...     NoTele   +     (no amulet)
Stlth  ++++++++++               (no ring)
                                (no ring)

@: lethally poisoned (-6989 -> -6989), very slightly contaminated, hasted and
slowed, very resistant to hostile enchantments, uncannily stealthy
A: antennae 3, rough black scales 3, foul stench 2, nightstalker 3, augmentation
3, rot immunity
a: Minor Destruction, Lesser Servant of Makhleb, Major Destruction, Greater
Servant of Makhleb, Renounce Religion


You were in the Dungeon.
You worshipped Makhleb.
Makhleb was exalted by your worship.
You were not hungry.

You visited 1 branch

Inventory:

Hand Weapons
 a - a +0 war axe
 l - the +∞ Axe of Woe (weapon)
   (You found it in the Dungeon)
Missiles
 d - 3 throwing nets (quivered)
Armour
 b - a +0 leather armour (worn)
 c - a +0 helmet
Potions
 e - a potion of curing
 g - a potion of heal wounds
 i - 2 potions of magic
 j - a potion of berserk rage
Comestibles
 f - a bread ration


   Skills:
 O Level 27 Fighting
 O Level 27 Axes
 O Level 27 Throwing
 O Level 27 Armour
 O Level 27 Dodging
 O Level 27 Stealth
 O Level 27 Unarmed Combat
 O Level 27 Spellcasting
 O Level 27 Invocations


You had 80 spell levels left.
You didn't know any spells.

Dungeon Overview and Level Annotations

Branches:
Dungeon (1/1)

Altars:
Makhleb

Annotations:
D The Meatlord


Innate Abilities, Weirdness & Mutations

You have a pair of large antennae on your head (SInv).
You are completely covered in rough black scales (AC +10, Dex -3).
You frequently emit foul miasma when damaged in melee.
You are completely attuned to the shadows.
Your magical and physical power is greatly enhanced at high health.
You are immune to rotting.


Message History

The blast of lightning engulfs the scourge.
The ball lightning explodes!
The blast of lightning engulfs the bag of meat.
The blast of lightning engulfs the tyrant.
The blast of lightning engulfs The Meatlord.
The Meatlord completely resists.
The blast of lightning engulfs the bag of meat.
The blast of lightning engulfs you!
The blast of lightning engulfs the bag of meat.
The blast of lightning engulfs the meat berserker.
The blast of lightning engulfs the bag of meat.
The blast of lightning engulfs the ball lightning.
The ball lightning completely resists.
The blast of lightning engulfs the bag of meat. x2
The blast of lightning engulfs the fleshlord.
The blast of lightning engulfs the observer.
You hear a shout! x2
The Meatlord hits you with the +7 Sceptre of Torment!!!!!!!!!!
Ouch! That really hurt!
You die...

.........
.ooopG....
{{#oLo..V.# .
#.......#
.{###*&@.LS.###.
{{{*OOo###.%....
{{V..%%_%W....
{{{.W#)).%%#{
{{{pW#§)<%_#{


{{{{ #§§.%.# {{{.{Wp§_%.{{.. .{{Woo###%{{... .{###.zp{ ..###. You could see The
Meatlord, 2 tyrants, 2 destroyers, an observer (invisible), a scourge, 2
fleshlords, a wretched soul (invisible), a dread, 2 meat berserkers, 6 bags of
meat and 2 ball lightnings.

Vanquished Creatures
  A hell knight (D)
  6 hell beasts (D)
  4 greater mummies (D)
  2 great orbs of eyes (D)
  2 wraiths (D)
  8 vampire knights (D)
  33 ogres (D)
  2 liches (D)
  3 hydras (D)
  30 orcs (D)
  7 hill giants (D)
  2 skeletal warriors (D)
  3 sea snakes (D)
  6 large abominations (D)
109 creatures vanquished.

Vanquished Creatures (others)
  5 ball lightnings (D)
  A crawling corpse (D)
6 creatures vanquished.

Grand Total: 115 creatures vanquished

Notes
Turn   | Place    | Note
--------------------------------------------------------------
     0 | D        | wvc the Demonspawn Gladiator began the quest for the Orb.
     0 | D        | Reached XP level 1. HP: 16/16 MP: 1/1
     3 | D        | Noticed a bag of meat
     4 | D        | Became a worshipper of Makhleb the Destroyer
     9 | D        | Killed a bag of meat
     9 | D        | Reached skill level 10 in Fighting
     9 | D        | Gained mutation: You have a pair of small antennae on your head. [demonic ancestry]
     9 | D        | Reached XP level 2. HP: 36/36 MP: 2/2
     9 | D        | Gained mutation: You are slightly more attuned to the shadows. [demonic ancestry]
     9 | D        | Reached XP level 3. HP: 42/42 MP: 3/3
     9 | D        | Gained mutation: You are partially covered in rough black scales (AC +4, Dex -1). [demonic ancestry]
     9 | D        | Reached XP level 4. HP: 48/48 MP: 4/4
     9 | D        | Reached XP level 5. HP: 54/54 MP: 5/5
     9 | D        | Gained mutation: You have a pair of antennae on your head. [demonic ancestry]
     9 | D        | Reached XP level 6. HP: 61/61 MP: 6/6
     9 | D        | Gained mutation: You are significantly more attuned to the shadows. [demonic ancestry]
     9 | D        | Reached XP level 7. HP: 67/67 MP: 7/7
     9 | D        | Gained mutation: You are mostly covered in rough black scales (AC +7, Dex -2). [demonic ancestry]
     9 | D        | Reached XP level 8. HP: 73/73 MP: 8/8
     9 | D        | Reached XP level 9. HP: 79/79 MP: 9/9
     9 | D        | Gained mutation: You are completely attuned to the shadows. [demonic ancestry]
     9 | D        | Reached XP level 10. HP: 86/86 MP: 10/10
     9 | D        | Gained mutation: You have a pair of large antennae on your head (SInv). [demonic ancestry]
     9 | D        | Reached XP level 11. HP: 92/92 MP: 11/11
    11 | D        | Noticed a meat berserker
    12 | D        | Killed a meat berserker
    12 | D        | Reached * piety under Makhleb
    12 | D        | Gained mutation: You are immune to rotting. [demonic ancestry]
    12 | D        | Reached XP level 12. HP: 105/105 MP: 12/12
    12 | D        | Reached XP level 13. HP: 111/111 MP: 13/13
    17 | D        | Noticed a bag of meat
    17 | D        | Noticed a bag of meat
    19 | D        | Noticed a large bag of meat
    19 | D        | Killed a bag of meat
    19 | D        | Reached XP level 14. HP: 121/121 MP: 14/14
    20 | D        | Killed a bag of meat
    20 | D        | Reached ** piety under Makhleb
    20 | D        | Reached skill level 15 in Fighting
    22 | D        | Killed a large bag of meat
    22 | D        | Reached XP level 15. HP: 131/131 MP: 15/15
    23 | D        | Noticed a meat berserker
    25 | D        | Noticed a meat berserker
    25 | D        | Killed a meat berserker
    25 | D        | Reached *** piety under Makhleb
    26 | D        | Noticed a meat berserker
    27 | D        | Noticed a destroyer
    27 | D        | Noticed a large bag of meat
    27 | D        | Killed a meat berserker
    27 | D        | Reached skill level 27 in Axes
    27 | D        | Reached skill level 27 in Dodging
    27 | D        | Reached XP level 16. HP: 133/150 MP: 16/16
    28 | D        | Noticed a large bag of meat
    29 | D        | Noticed a meat berserker
    29 | D        | Killed a meat berserker
    29 | D        | Reached **** piety under Makhleb
    29 | D        | Reached XP level 17. HP: 114/171 MP: 17/17
    29 | D        | Reached skill level 27 in Fighting
    29 | D        | Killed a large bag of meat
    29 | D        | Killed a destroyer
    29 | D        | Reached ***** piety under Makhleb
    29 | D        | Reached XP level 18. HP: 182/182 MP: 18/18
    31 | D        | Noticed a meat berserker
    31 | D        | Killed a large bag of meat
    31 | D        | Reached skill level 27 in Armour
    31 | D        | Killed a meat berserker
    33 | D        | Noticed a meat berserker
    33 | D        | Killed a meat berserker
    33 | D        | Reached skill level 27 in Invocations
    33 | D        | Gained mutation: Your magical and physical power is slightly enhanced at high health. [demonic ancestry]
    33 | D        | Reached XP level 19. HP: 154/189 MP: 18/36
    33 | D        | Killed a meat berserker
    33 | D        | Reached ****** piety under Makhleb
    35 | D        | Reached skill level 27 in Throwing
    35 | D        | Reached XP level 20. HP: 197/197 MP: 18/37
    40 | D        | Noticed a meat berserker
    41 | D        | Killed a meat berserker
    46 | D        | Noticed a meat berserker
    48 | D        | Killed a meat berserker
    51 | D        | Gained mutation: You may emit foul miasma when damaged in melee. [demonic ancestry]
    51 | D        | Reached XP level 21. HP: 204/204 MP: 22/42
    53 | D        | Noticed a tyrant
    54 | D        | Killed a tyrant
    56 | D        | Noticed a destroyer
    57 | D        | Reached skill level 27 in Stealth
    59 | D        | Gained mutation: You frequently emit foul miasma when damaged in melee. [demonic ancestry]
    59 | D        | Reached XP level 22. HP: 212/212 MP: 24/48
    61 | D        | Killed a destroyer
    63 | D        | Reached skill level 27 in Unarmed Combat
    63 | D        | Reached skill level 27 in Spellcasting
    64 | D        | Noticed a meat beast
    65 | D        | Killed a meat beast
    65 | D        | Gained mutation: You are completely covered in rough black scales (AC +10, Dex -3). [demonic ancestry]
    65 | D        | Reached XP level 23. HP: 219/219 MP: 26/54
    65 | D        | Reached XP level 24. HP: 227/227 MP: 26/54
    67 | D        | Noticed a meat beast
    67 | D        | Noticed a dread
    69 | D        | Killed a meat beast
    69 | D        | Reached XP level 25. HP: 234/234 MP: 27/54
    71 | D        | Noticed a meat beast
    71 | D        | Noticed a destroyer
    71 | D        | Killed a dread
    71 | D        | Gained mutation: Your magical and physical power is enhanced at high health. [demonic ancestry]
    71 | D        | Reached XP level 26. HP: 242/242 MP: 28/54
    73 | D        | Killed a meat beast
    73 | D        | Gained mutation: Your magical and physical power is greatly enhanced at high health. [demonic ancestry]
    73 | D        | Reached XP level 27. HP: 249/249 MP: 28/54
    74 | D        | Killed a destroyer
    75 | D        | Noticed a dread
    77 | D        | Noticed a destroyer
    82 | D        | Killed a destroyer
    82 | D        | Killed a dread
    84 | D        | Noticed an accursed
    85 | D        | Noticed a meat beast
    87 | D        | Killed a meat beast
    89 | D        | Noticed a meat beast
    89 | D        | Killed an accursed
    90 | D        | Killed a meat beast
   108 | D        | Noticed an accursed
   115 | D        | Noticed an accursed
   117 | D        | Killed an accursed
   120 | D        | Noticed a fleshlord
   124 | D        | HP: 5/249 [scourge/bolt of poison (41)]
   125 | D        | Noticed an accursed
   126 | D        | Killed a fleshlord
   130 | D        | Noticed a destroyer
   131 | D        | Killed an accursed
   132 | D        | Noticed a destroyer
   133 | D        | Noticed a tyrant
   133 | D        | Killed a destroyer
   135 | D        | Killed a destroyer
   136 | D        | Noticed a destroyer
   136 | D        | Killed a tyrant
   137 | D        | Noticed a dread
   139 | D        | Killed a destroyer
   140 | D        | Noticed a destroyer
   141 | D        | Killed an accursed
   143 | D        | Killed a destroyer
   145 | D        | namelastname112: невидимые мобы тут бесят пиздец
   145 | D        | namelastname112: о
   145 | D        | namelastname112: я вовремя
   147 | D        | Noticed a meat beast
   148 | D        | Killed a meat beast
   153 | D        | Noticed a fleshlord
   154 | D        | Noticed a dread
   154 | D        | Noticed The Meatlord
   154 | D        | namelastname112: ты того
   154 | D        | namelastname112: слышь
   154 | D        | namelastname112: хасту выпей
   154 | D        | namelastname112: слоу это тебе не хуй собачий
   155 | D        | Noticed a fleshlord
   155 | D        | Noticed a dread
   156 | D        | Noticed a dread
   156 | D        | wvc: чо делать-то?
   156 | D        | Noticed a destroyer
   156 | D        | Noticed a tyrant
   156 | D        | Noticed a destroyer
   156 | D        | Noticed a tyrant
   156 | D        | Noticed a fleshlord
   156 | D        | Noticed a fleshlord
   156 | D        | Annihilated by The Meatlord

Vault maps used:
D:        meatsprint

Skill      XL: |  1  2  3  4  5  6  7  8  9 10 11 12 13 14 15 16 17 18 19 20 21 22 |
---------------+-------------------------------------------------------------------+-----
Fighting       | 10 13 14 16 20 25 27 | 27.0
Axes           | 16 20 22 24 27 | 27.0
Throwing       | 9 18 27 | 27.0
Dodging        | 16 20 21 23 27 | 27.0
Armour         | 2 3 6 8 24 27 | 27.0
Invocations    | 27 | 27.0
Stealth        | 19 27 | 27.0
Unarmed Combat | 17 22 27 | 27.0
Spellcasting   | 17 22 27 | 27.0

Action                   |  1- 3 |  4- 6 |  7- 9 | 10-12 | 13-15 | 16-18 | 19-21 | 22-24 | 25-27 || total
-------------------------+-------+-------+-------+-------+-------+-------+-------+-------+-------++-------
Melee: Executioner's axe |     1 |       |       |     1 |     5 |     3 |     8 |     5 |    51 ||    74
  Use: Scroll            |       |       |       |       |       |       |       |       |     1 ||     1
       Potion            |       |       |       |       |       |       |       |       |     1 ||     1
 Stab: Distracted        |       |       |       |       |       |       |     1 |       |       ||     1
Armor: Leather armour    |       |       |       |       |       |       |       |       |     3 ||     3
Dodge: Dodged            |       |       |       |       |       |     1 |     1 |     1 |     5 ||     8
